 Dungeon Crawl Stone Soup version 0.28.0-43-g3370ac3207 (webtiles) character file.

Game seed: 3950099189187259092

96 nickcage the Cudgeller (level 4, 0/28 HPs)
             Began as a Gargoyle Monk on Mar 28, 2022.
             Slain by an orc
             ... wielding a +2 vorpal spear
              (3 damage)
             ... on level 3 of the Dungeon.
             The game lasted 00:05:50 (2019 turns).

nickcage the Cudgeller (Gargoyle Monk)              Turns: 2019, Time: 00:05:50

Health: 0/28       AC:  9    Str: 17    XL:     4   Next: 67%
Magic:  4/4        EV: 10    Int: 10    God:
Gold:   92         SH:  0    Dex: 12    Spells: 3/3 levels left

rFire   . . .      SeeInvis .   a - +0 mace
rCold   + . .      Faith    .   (no shield)
rNeg    + . .      Spirit   .   f - +0 scale mail
rPois   ∞          Reflect  .   (no helmet)
rElec   +          Harm     .   (no cloak)
rCorr   .          Rampage  .   (no gloves)
Will    .....                   (no boots)
Stlth   +.........              (no amulet)
HPRegen 0.09/turn               n - ring of protection from cold
MPRegen 0.09/turn               (no ring)

@: no status effects
A: sickness immunity, AC +3, negative energy resistance 1, electricity
resistance, torment resistance 1, petrification resistance
a: no special abilities


You were on level 3 of the Dungeon.
You visited 1 branch of the dungeon, and saw 3 of its levels.

You collected 92 gold pieces.

Inventory:

Hand Weapons
 a - a +0 mace (weapon)
Missiles
 j - 5 atropa-tipped darts (quivered)
Armour
 b - a +0 robe
 e - a +0 leather armour
 f - a +0 scale mail (worn)
Jewellery
 c - a ring of ice
 h - a ring of magical power
 n - a ring of protection from cold (left hand)
Scrolls
 i - 2 scrolls of amnesia {unknown}
 k - a scroll of vulnerability {unknown}
 o - a scroll of teleportation {unknown}
Potions
 d - a potion of invisibility
 g - 3 potions of heal wounds
 l - a potion of curing
 m - a potion of haste {unknown}


   Skills:
 - Level 3.2 Fighting
 + Level 5.3 Maces & Flails
 - Level 2.4 Dodging
 - Level 2.1 Stealth


You had 3 spell levels left.
You didn't know any spells.
Your spell library contained the following spells:

 Spells                   Type           Power      Damage    Failure   Level
 Animate Skeleton         Necr           0%         N/A       80%         1
 Pain                     Necr           0%         1d4       80%         1
 Vampiric Draining        Necr           0%         2d6       99%         3


Dungeon Overview and Level Annotations

Branches:
Dungeon (3/15)

Altars:

Annotations:
D:3 1 runed translucent door, reversiblehash's ghost, amateur GnFi


Innate Abilities, Weirdness & Mutations

You are immune to sickness and miasma.
Your stone body is resilient. (AC +3)
You are immune to poison.
You resist negative energy. (rN+)
You are resistant to electric shocks. (rElec)
You are resistant to unholy torment.
You are immune to petrification.


Message History

Aim: an orc, wielding a +2 vorpal spear and wearing a +0 scale mail (61% to hit, chance to blind on hit: 100%)
You throw an atropa-tipped dart. The atropa-tipped dart hits the orc.
The orc appears confused.
The quokka bites you but does no damage.
The quokka misses you.
You hit the quokka.
The quokka is severely wounded.
The orc seems less confused.
The quokka completely misses you.
You barely miss the quokka.
The quokka is severely wounded.
The quokka bites you but does no damage.
You closely miss the quokka.
The quokka is severely wounded.
The quokka barely misses you. The quokka bites you.
You hit the quokka but do no damage.
The quokka is severely wounded.
The orc is no longer blind.
The quokka bites you.
You barely miss the quokka.
The quokka is severely wounded.
The quokka bites you but does no damage.
The orc hits you but does no damage.
You hit the quokka.
You kill the quokka!
The orc misses you.
The orc hits you with a +2 vorpal spear.
You see here a quokka corpse.
You barely miss the orc. The orc hits you but does no damage.
You barely miss the orc. The orc barely misses you.
The orc hits you with a +2 vorpal spear.
* * * LOW HITPOINT WARNING * * *
x2 You hit the orc but do no damage.
The orc misses you.
You closely miss the orc. The orc hits you but does no damage.
You hit the orc.
The orc is moderately wounded.
The orc hits you with a +2 vorpal spear.
* * * LOW HITPOINT WARNING * * *
x2 You hit the orc.
The orc is severely wounded.
The orc hits you with a +2 vorpal spear.
You die...

#+### #.# #.#.........≈≈≈P
....##########.#
#.#..........≈
....##.......#
#.#....P.PP...
....'......#>#
#.#.....######
....##.###.#.# ###.#.#####
....##.# #.#.# #...#.#######
....##+###.#.# #.#.........#
###........#####'#########.#
#.........#...@...#
#........##.♣(o.♣.#
#........##.......#
#...<....##.♣...♣.#
#.........#.......#
#.........#.♣...♣.#
#.........#...>...
#.........####### # ######
#...........### #....)


You could see an orc.

Vanquished Creatures
  An adder (D:3)
  2 worms (D:2)
  4 dart slugs
  7 orcs (D:3)
  2 bats
  5 endoplasms
  4 giant cockroaches (D:1)
  2 goblins
  9 hobgoblins
  8 jackals
  2 kobolds (D:1)
  2 quokkas
  2 ball pythons
  3 frilled lizards
  5 rats
58 creatures vanquished.

Vanquished Creatures (others)
  5 plants (D:3)
5 creatures vanquished.

Grand Total: 63 creatures vanquished

Notes
Turn   | Place    | Note
-------+----------+-------------------------------------------
     0 | D:1      | nickcage the Gargoyle Monk began the quest for the Orb.
     0 | D:1      | Reached XP level 1. HP: 14/14 MP: 1/1
   228 | D:1      | Found a faded altar of an unknown god.
   256 | D:1      | Reached XP level 2. HP: 19/19 MP: 2/2
   452 | D:1      | Reached skill level 4 in Maces & Flails
   495 | D:1      | Reached XP level 3. HP: 19/23 MP: 3/3
  1534 | D:3      | Reached XP level 4. HP: 28/28 MP: 4/4
  1613 | D:3      | Reached skill level 5 in Maces & Flails
  1660 | D:3      | Found a runed translucent door.
  1666 | D:3      | Noticed reversiblehash's ghost (amateur GnFi)
  2019 | D:3      | Slain by an orc

Illustrated notes

Levels and vault maps discovered:
D:1:      dpeg_arrival_refuge, layout_basic, basic_ecumenical_altar,
          minmay_misc_feat_more_columns, kennysheep_nondescript,
          minmay_misc_feat_encased, minmay_pentomino_t4
D:2:      layout_rooms
D:3:      layout_basic, ebering_ghost_sewer_f, grunt_ministairs_3,
          guppyfry_early_lair_pool

Skill      XL: |  1  2  3  4 |
---------------+-------------+-----
Maces & Flails | 4 5 |  5.3
Fighting       | |  3.2
Dodging        | |  2.4
Stealth        | |  2.1

Action                   |  1- 3 |  4- 6 || total
-------------------------+-------+-------++-------
Melee: Mace              |   135 |    73 ||   208
       Punch             |     1 |       ||     1
Throw: Dart              |       |     3 ||     3
  Use: Scroll            |     3 |       ||     3
 Stab: Invisible         |       |     1 ||     1
Armor: Robe              |     3 |       ||     3
       Leather armour    |     1 |       ||     1
       Scale mail        |    65 |    41 ||   106
Dodge: Dodged            |    75 |    44 ||   119
